 Dungeon Crawl Stone Soup version 0.27-a0-1187-ge80a49f48c (webtiles) character file.

Game seed: 4522398452918849490

29 Lemonice the Poker (level 3, -8/28 HPs)
             Began as a Merfolk Gladiator on May 20, 2021.
             Killed by divine providence
             ... invoked by an orc priest
              (11 damage)
             ... on level 2 of the Dungeon.
             The game lasted 00:07:09 (1009 turns).

Lemonice the Poker (Merfolk Gladiator)              Turns: 1009, Time: 00:07:09

Health: -8/28      AC:  4    Str: 15    XL:     3   Next: 16%
Magic:  3/3        EV: 13    Int:  7    God:
Gold:   92         SH:  0    Dex: 15    Spells: 2/2 levels left

rFire    . . .     SeeInvis .   a - +0 trident
rCold    . . .     Faith    .   (no shield)
rNeg     . . .     Spirit   .   b - +0 leather armour
rPois    .         Reflect  .   c - +0 helmet
rElec    .         Harm     .   (no cloak)
rCorr    .         Rampage  .   (no gloves)
Will     .....                  (no boots)
Stlth    +.........             (no amulet)
HPRegen  0.09/turn              (no ring)
MPRegen  0.08/turn              (no ring)

@: no status effects
A: (nimble swimmer 2), mertail
a: no special abilities


You were on level 2 of the Dungeon.
You visited 1 branch of the dungeon, and saw 2 of its levels.

You collected 92 gold pieces.

Inventory:

Hand Weapons
 a - a +0 trident (weapon)
Missiles
 d - 3 throwing nets (quivered)
Armour
 b - a +0 leather armour (worn)
 c - a +0 helmet (worn)
Jewellery
 h - an amulet of the acrobat
Scrolls
 e - a scroll of identify {unknown}
 f - a scroll of immolation {unknown}
Potions
 g - a potion of attraction {unknown}


   Skills:
 + Level 2.5 Fighting
 + Level 5.1 Polearms
 - Level 2.1 Throwing
 + Level 4.4 Dodging
 + Level 0.7 Shields


You had 2 spell levels left.
You didn't know any spells.
Your spell library was empty.

Dungeon Overview and Level Annotations

Branches:
Dungeon (2/15)

Altars:


Innate Abilities, Weirdness & Mutations

((You are quick and stealthy near water. (Stealth+, EV+, Speed+++)))
Your lower body shifts to a powerful aquatic tail in water.


Message History

You miss the goblin.
The goblin is heavily wounded.
The goblin barely misses you.
You puncture the goblin!
You kill the goblin!
No target in view!
HP restored.
Things that are here:
a +0 dagger; a goblin corpse
Found a ring mail.
h - an amulet of the acrobat An endoplasm comes into view.
The endoplasm quivers.
A hobgoblin and an orc priest come into view.
The orc priest shouts!
You hear a shout!
A kobold comes into view. It is wielding a +0 dagger.
Found a cyan potion.
Found a stone staircase leading down.
A goblin comes into view. It is wielding a +0 club.
The goblin shouts!
The hobgoblin shouts!
A frilled lizard comes into view.
The orc priest mumbles some strange prayers to Beogh against you.
Beogh smites you!
The frilled lizard hisses angrily.
You reach to attack!
The kobold shouts!
You hit the endoplasm but do no damage.
An orc comes into view. It is wielding a +0 war axe.
An orc priest comes into view. It is wielding a +0 club.
The orc shouts!
You hit the endoplasm.
You kill the endoplasm!
The kobold throws a stone.
The stone closely misses you.
The orc priest calls down the wrath of Beogh upon you.
Beogh smites you!
* * * LOW HITPOINT WARNING * * *
You hear an angry hiss.
The kobold throws a stone.
The stone closely misses you.
The orc priest calls down the wrath of Beogh upon you.
Beogh smites you!
You die...

.. ......... . .#
......>... #. o
..........# ..g#.
#.....K...#
...##o........# $
.g..........#
.... #..........#
.!#..#.....[.....
.......@.........
.#.####..........
#.#........
#..######## ##.#
#.# #.#
###.######
#....)...#


You could see 2 orc priests, a hobgoblin and a kobold.

Vanquished Creatures
  A dart slug (D:1)
  3 endoplasms
  2 giant cockroaches (D:1)
  5 goblins
  A hobgoblin (D:1)
  3 quokkas (D:1)
  2 ball pythons (D:1)
  A bat (D:1)
  2 frilled lizards (D:1)
  2 kobolds (D:1)
  A rat (D:1)
23 creatures vanquished.

Notes
Turn   | Place    | Note
-------+----------+-------------------------------------------
     0 | D:1      | Lemonice the Merfolk Gladiator began the quest for the Orb.
     0 | D:1      | Reached XP level 1. HP: 16/16 MP: 1/1
   399 | D:1      | Reached XP level 2. HP: 22/22 MP: 2/2
   496 | D:1      | Found a faded altar of an unknown god.
   689 | D:1      | Reached skill level 5 in Polearms
   702 | D:1      | Reached XP level 3. HP: 28/28 MP: 3/3
  1009 | D:2      | Killed from afar by an orc priest

Illustrated notes

Levels and vault maps discovered:
D:1:      lightli_arrival_statuegarden, layout_loops_ring,
          chequers_ecumenical_altar_island
D:2:      layout_rooms, uniq_robin

Skill      XL: |  1  2 |
---------------+-------+-----
Polearms       | 5 |  5.1
Fighting       | |  2.5
Throwing       | |  2.1
Dodging        | |  4.4
Shields        | |  0.7

Action                   || total
-------------------------++-------
Melee: Trident           ||    61
Throw: Throwing net      ||     1
 Stab: Sleeping          ||     1
Armor: Leather armour    ||     9
Dodge: Dodged            ||    29

Table legend: (Time is in decaauts)
 A = Elapsed time spent in this place.
 B = Non-inter-level travel time spent in this place.
 C = Inter-level travel time spent in this place.
 D = Time resting spent in this place.
 E = Time spent auto-exploring this place.
 F = Levels seen in this place.
 G = Mean time per level.
                   A        B        C        D        E       F      G
               +--------+--------+--------+--------+--------+-----+--------+
         Total |    999 |    956 |     43 |    140 |    664 |   2 |  499.5 |
       Dungeon |    999 |    956 |     43 |    140 |    664 |   2 |  499.5 |
               +--------+--------+--------+--------+--------+-----+--------+

Top non-repeatable levels by time:
     D:1: 925 daAuts
     D:2: 74 daAuts
